 Dungeon Crawl Stone Soup version 0.25-a0-366-g516bc45ae0 (webtiles) character file.

Game seed: 14169961169281063222, levelgen mode: deterministic

110 MrRokkomies the Firebug (level 4, 0/36 HPs)
             Began as a Deep Elf Fire Elementalist on Jan 6, 2020.
             Succumbed to an adder's poison
             ... on level 2 of the Dungeon.
             The game lasted 00:06:25 (1902 turns).

MrRokkomies the Firebug (DEFE)                      Turns: 1902, Time: 00:06:25

Health: 0/36       AC: 22    Str:  6    XL:     4   Next: 61%
Magic:  10/10      EV:  2    Int: 20    God:
Gold:   95         SH:  0    Dex: 15    Spells: 2/9 levels left

rFire    . . .     SeeInvis .   b - +0 dagger
rCold    . . .     Gourm    .   (no shield)
rNeg     + + +     Faith    .   (armour currently unavailable)
rPois    +         Spirit   .   (helmet currently unavailable)
rElec    .         Reflect  .   (cloak currently unavailable)
rCorr    .         Harm     .   (gloves currently unavailable)
MR       .....     NoTele   +   (boots currently unavailable)
Stlth    +++.......             (no amulet)
HPRegen  0.12/turn              g - ring of stealth
MPRegen  0.12/turn              (no ring)

@: lethally poisoned (0 -> -2), tree-form (expiring), hasted, very quick
A: no striking features
a: no special abilities


You were on level 2 of the Dungeon.
You were not hungry.
You were a tree.
You visited 1 branch of the dungeon, and saw 2 of its levels.

You collected 95 gold pieces.

Inventory:

Hand Weapons
 b - a +0 dagger (weapon)
Missiles
 k - 16 poisoned darts (quivered)
Armour
 a - a +0 robe
 f - a cursed +0 robe (melded)
Jewellery
 g - a ring of stealth (left branch)
Scrolls
 j - a scroll of fog
Potions
 d - 2 potions of resistance
Comestibles
 c - 5 rations


   Skills:
 + Level 3.4 Dodging
 - Level 2.4 Stealth
 - Level 3.0 Spellcasting
 * Level 3.1 Conjurations
 * Level 4.5 Fire Magic


You had 2 spell levels left.
You knew the following spells:

 Your Spells              Type           Power        Failure   Level  Hunger
a - Foxfire               Conj/Fire      ###.         3%          1    None
b - Conjure Flame         Conj/Fire      ###.....     9%          3    ###....
c - Inner Flame           Hex/Fire       ##......     17%         3    ###....

Your spell library contained the following spells:

 Spells                   Type           Power        Failure   Level  Hunger
 Sticky Flame             Conj/Fire      ###.....     28%         4    ####...
 Fireball                 Conj/Fire      ###.......   63%         5    ######.


Dungeon Overview and Level Annotations

Branches:
Dungeon (2/15)

Altars:
Ru


Message History

You barely miss the adder.
The adder is almost dead.
The adder bites you but does no damage.
You closely miss the adder.
The adder is almost dead.
You hit the adder.
You kill the adder!
* * * LOW HITPOINT WARNING * * *
You feel sick.
You cannot move.
You cannot move.
You cannot move.
Okay, then.
Unknown command.
* * * LOW HITPOINT WARNING * * *
You feel sick.
Your transformation is almost over.
* * * LOW HITPOINT WARNING * * *
You feel sick.
You die...

##############
#(....7)......
#.######.#####
#.#.. ..
#########.#.# ## ##
..........#.# ....
########.##.#.##.##
#.##.#.#...#
#........_..
##.#.#.#... #


There were no monsters in sight!

Vanquished Creatures
  An iguana (D:2)
  3 adders (D:2)
  A worm (D:2)
  2 dart slugs (D:1)
  5 leopard geckos
  2 giant cockroaches (D:2)
  4 goblins
  3 hobgoblins
  4 jackals (D:1)
  7 kobolds
  7 bats
  3 frilled lizards
  5 rats
47 creatures vanquished.

Vanquished Creatures (others)
  85 foxfires
85 creatures vanquished.

Grand Total: 132 creatures vanquished

Notes
Turn   | Place    | Note
-------+----------+-------------------------------------------
     0 | D:1      | MrRokkomies the Deep Elf Fire Elementalist began the quest
                  | for the Orb.
     0 | D:1      | Reached XP level 1. HP: 10/10 MP: 6/6
    34 | D:1      | Reached XP level 2. HP: 15/15 MP: 0/8
   635 | D:1      | Reached XP level 3. HP: 11/19 MP: 3/9
  1458 | D:2      | Reached skill level 4 in Fire Magic
  1469 | D:2      | Learned a level 3 spell: Conjure Flame
  1473 | D:2      | Learned a level 3 spell: Inner Flame
  1672 | D:2      | Reached XP level 4. HP: 19/24 MP: 1/10
  1817 | D:2      | Found a sacrificial altar of Ru.
  1890 | D:2      | HP: 1/36 [poisoned by an adder]
  1896 | D:2      | HP: 1/36 [poisoned by an adder]
  1902 | D:2      | Succumbed to an adder's poison

Levels and vault maps discovered:
D:1:      eino_arrival_water_cross, layout_basic
D:2:      layout_rooms, first_ration, nicolae_ru_sacrificial_ziggurat

Skill      XL: |  1  2  3  4 |
---------------+-------------+-----
Conjurations   | 2 3 |  3.1
Dodging        | 3 |  3.4
Fire Magic     | 4 |  4.5
Stealth        | |  2.4
Spellcasting   | |  3.0

Action                   |  1- 3 |  4- 6 || total
-------------------------+-------+-------++-------
Melee: Dagger            |    52 |    33 ||    85
 Cast: Foxfire           |    44 |     8 ||    52
  Use: Scroll            |     3 |       ||     3
       Potion            |       |     2 ||     2
 Stab: Sleeping          |     3 |     1 ||     4
  Eat: Chunk             |     2 |     1 ||     3
Armor: Robe              |    14 |     1 ||    15
       Skin              |       |    19 ||    19
Dodge: Dodged            |    49 |    16 ||    65

Table legend:
 A = Non-vault XP
 B = Vault XP
 C = Vault XP percentage of total XP
 D = Non-vault monster count
 E = Vault monster count
 F = Vault count percentage of total count
                 A         B        C        D         E       F
            +---------+---------+-------+---------+---------+-------
      Total |     158 |       0 |   0.0 |      47 |       0 |   0.0
            +---------+---------+-------+---------+---------+-------
        D:1 |      51 |       0 |   0.0 |      27 |       0 |   0.0
        D:2 |     107 |       0 |   0.0 |      20 |       0 |   0.0
            +---------+---------+-------+---------+---------+-------
